 Dungeon Crawl Stone Soup version 0.30-b1-2-g02819fbbbe (webtiles) character file.

Game seed: 15092910742785554899

60 MackTheKnife the Magician (level 3, 0/29 HPs)
             Began as a Mummy Reaver on May 17, 2023.
             Killed from afar by an orc wizard (6 damage)
             ... with a magic dart
             ... on level 3 of the Dungeon.
             The game lasted 00:02:24 (1832 turns).

MackTheKnife the Magician (Mummy Reaver)            Turns: 1832, Time: 00:02:25

Health: 0/29       AC:  3    Str: 15    XL:     3   Next: 82%
Magic:  8/8        EV: 11    Int: 14    God:
Gold:   147        SH:  0    Dex: 10    Spells: 6/9 levels left

rFire   x . .        a - +0 hand axe {axe}
rCold   + . .        (no shield)
rNeg    + + +        b - +0 leather armour
rPois   ∞            (no helmet)
rElec   .            (no cloak)
rCorr   .            (no gloves)
SInv    .            (no boots)
Will    .....        (no amulet)
Stlth   +            (no ring)
HPRegen 0.24/turn    (no ring)
MPRegen 0.11/turn

%: faith
@: no status effects
A: cold resistance 1, negative energy resistance 3, torment resistance 2, heat
vulnerability 1, in touch with death 1, no potions, faith
a: no special abilities


You were on level 3 of the Dungeon.
You visited 1 branch of the dungeon, and saw 3 of its levels.

You collected 147 gold pieces.


Innate Abilities, Weirdness & Mutations

You are immune to poison.
Your flesh is cold resistant. (rC+)
You are immune to negative energy. (rN+++)
You are immune to unholy pain and torment.
You are vulnerable to heat. (rF-)
You are in touch with the powers of death.
You do not drink.
You have a special connection with the divine. (Faith)


   Skills:
 - Level 3.3 Fighting
 - Level 2.4 Axes
 - Level 1.5 Dodging
 + Level 3.7 Spellcasting
 - Level 2.6 Conjurations
 - Level 0.2 Necromancy


You had 6 spell levels left.
You knew the following spells:

 Your Spells              Type           Power      Damage    Failure   Level
a - Kiss of Death         Conj/Necr      36%        2d8       14%         1
b - Momentum Strike       Conj/Tloc      12%        3d8       22%         2

Your spell library contained the following spells:

 Spells                   Type           Power      Damage    Failure   Level
 Hailstorm                Conj/Ice       6%         3d4       38%         3
 Ozocubu's Armour         Ice            2%         N/A       58%         3
 Metabolic Englaciation   Hex/Ice        1%         N/A       100%        5
 Simulacrum               Ice/Necr       2%         N/A       100%        6

Inventory:

Hand Weapons
 a - a +0 hand axe (weapon) {axe}
Missiles
 d - 3 stones {throwing}
Armour
 b - a +0 leather armour (worn)
Scrolls
 c - a scroll of identify {unknown}
 e - 2 scrolls of magic mapping {unknown}
 f - a scroll of amnesia {unknown}
 g - a scroll of enchant armour {unknown}
 h - a scroll of fear {unknown}
 i - a scroll of vulnerability {unknown}

Dungeon Overview and Level Annotations

Branches:
Dungeon (3/15) Zot: 16136

Altars:

.#.... ...#
##.#...###..########
###....#......##.....##
..... #.#............. |..
..#....##.......
#.####.#.........###.
#######<#.##.#.........##.!
........#.##.#.)..###..##..
#######..o@......####..###.
#..o........#........
#....####..####......
#...#####...###..####
#....... #..........#
#.#.....##!.........# #
##...#####..##.##.# #....
#..#.....# #....
....#.#####


You could see an orc wizard and an orc.


Message History

No target in view!
No target in view!
Things that are here:
a +0 club {mace}; a goblin corpse You now have 147 gold pieces (gained 13).
An orc comes into view. It is wielding a +0 mace.
The orc shouts!
The orc moves out of view. 😎 HP[+3]
Your hp is fully restored (29).
An orc comes into view. It is wielding a +0 club.
There are monsters nearby!
There are monsters nearby!
An orc and an orc wizard come into view.
Found a stone staircase leading up.
The orc wizard shouts!
The orc shouts!
You hear an angry hiss.
The orc closely misses you. The orc attacks as you move away!
The orc hits you with a +0 mace. 😕 HP[-5]
You take 5 damage, and now have 24/29 hp.
The orc attacks as you move away! The orc misses you.
The orc attacks as you move away! The orc hits you with a +0 mace.
There is a stone staircase leading up here. 😮 HP[-5]
You take 5 damage, and now have 19/29 hp.
You barely miss the orc.
The orc wizard casts a spell.
The orc wizard flickers and vanishes!
Deactivating autopickup; reactivate with Ctrl-A.
The orc hits you with a +0 mace. 😮 HP[-1]
You take 1 damage, and now have 18/29 hp.
You slash the orc! The orc hits you with a +0 mace.
* * * LOW HITPOINT WARNING * * *
😨 HP[-4]
You take 4 damage, and now have 14/29 hp.
The orc hits you with a +0 mace.
* * * LOW HITPOINT WARNING * * *
You climb upwards.
Reactivating autopickup.
There is a stone staircase leading down here. 😨 HP[-2]
You take 2 damage, and now have 12/29 hp.
You hit the orc.
You kill the orc!
You start resting. 😎 HP[+17]
Your hp is fully restored (29).
There is a stone staircase leading down here.
You climb downwards.
There is a stone staircase leading up here.
An orc is nearby!
An orc is nearby!
An orc is nearby!
You barely miss the orc. The orc hits you but does no damage.
You barely miss the orc. The orc barely misses you.
You hit the orc.
The orc hits you with a +0 club. 😕 HP[-2]
You take 2 damage, and now have 27/29 hp.
You hit the orc.
You kill the orc!
Things that are here:
a +0 club {mace}; an orc corpse; 😕 HP[+1]
You barely miss the orc wizard. The orc wizard closely misses you.
The orc wizard gestures at you while chanting.
The puff of flame hits you! The fire burns you terribly!
You are too injured to fight recklessly! 😮 HP[-7]
You take 7 damage, and now have 21/29 hp.
MASSIVE DAMAGE!! (PAUSE)
You are too injured to fight recklessly!
You are too injured to fight recklessly!
You are too injured to fight recklessly!
You barely miss the orc wizard.
The orc shouts!
The orc wizard casts a spell at you. The puff of flame hits you!
The fire burns you terribly!
* * * LOW HITPOINT WARNING * * *
😨 HP[-13]
You take 13 damage, and now have 8/29 hp.
MASSIVE DAMAGE!! (PAUSE)
You closely miss the orc wizard.
The orc wizard hits you with a +0 dagger.
* * * LOW HITPOINT WARNING * * *
😱 HP[-1]
You take 1 damage, and now have 7/29 hp.
Unknown command.
You barely miss the orc wizard.
The orc wizard hits you with a +0 dagger.
* * * LOW HITPOINT WARNING * * *
😱 HP[-1]
You take 1 damage, and now have 6/29 hp.
Unknown command.
You miss the orc wizard. The orc wizard misses you.
Unknown command.
You hit the orc wizard but do no damage.
You closely miss the orc.
The orc wizard gestures at you while chanting.
The magic dart hits you.
You die...

Skill      XL: |  1  2  3 |
---------------+----------+-----
Fighting       | 3 |  3.3
Spellcasting   | 3 |  3.7
Axes           | |  2.4
Dodging        | |  1.5
Conjurations   | |  2.6
Necromancy     | |  0.2

Action                     || total
---------------------------++-------
  Melee: Hand axe          ||   165
         Punch             ||     3
 Armour: Leather armour    ||    51
  Dodge: Dodged            ||   112

Levels and vault maps discovered:
D:1:      minmay_arrival_four_houses, layout_loops_ring
D:2:      layout_loops_ring
D:3:      layout_basic, amcnicky_altar_gilded, nicolae_overflow_hidden_temple,
          ebering_ecumenical_altar_mist, st_stairs_5,
          chequers_serial_rivers_room_a, hangedman_decor_growths,
          minmay_joined_circles, uniq_ijyb

Notes
Turn   | Place    | Note
-------+----------+-------------------------------------------
     0 | D:1      | MackTheKnife the Mummy Reaver began the quest for the Orb.
     0 | D:1      | Reached XP level 1. HP: 16/16 MP: 4/4
     0 | D:1      | magus.rc [v1.9.6]
   132 | D:1      | You pick up a book of Winter and begin reading...
   132 | D:1      | You add the spells Ozocubu's Armour, Metabolic Englaciation
                  | and Simulacrum to your library.
   196 | D:1      | Reached XP level 2. HP: 22/23 MP: 5/5
   310 | D:1      | Reached skill level 3 in Fighting
   491 | D:1      | Learned a level 2 spell: Momentum Strike
   949 | D:2      | Gained mutation: You are in touch with the powers of death.
                  | [Mummy growth]
   949 | D:2      | Reached XP level 3. HP: 27/29 MP: 7/7
  1036 | D:2      | Reached skill level 3 in Spellcasting
  1829 | D:3      | HP: 7/29 [orc wizard/+0 dagger (1)]
  1832 | D:3      | Killed from afar by an orc wizard

Vanquished Creatures
  An adder (D:2)
  3 dart slugs (D:2)
  2 orcs
  5 bats
  6 endoplasms
  A giant cockroach (D:2)
  3 goblins
  6 jackals (D:1)
  5 kobolds
  3 ball pythons
  A frilled lizard (D:1)
  3 rats
39 creatures vanquished.

Table legend:
 A = Non-vault XP
 B = Vault XP
 C = Vault XP percentage of total XP
 D = Non-vault monster count
 E = Vault monster count
 F = Vault count percentage of total count
                 A         B        C        D         E       F
            +---------+---------+-------+---------+---------+-------
      Total |      87 |       0 |   0.0 |      39 |       0 |   0.0
            +---------+---------+-------+---------+---------+-------
        D:1 |      32 |       0 |   0.0 |      18 |       0 |   0.0
        D:2 |      48 |       0 |   0.0 |      17 |       0 |   0.0
        D:3 |       7 |       0 |   0.0 |       4 |       0 |   0.0
            +---------+---------+-------+---------+---------+-------

Skill      XL: |  1  2  3 |
---------------+----------+-----
Fighting       | 3 |  3.3
Spellcasting   | 3 |  3.7
Axes           | |  2.4
Dodging        | |  1.5
Conjurations   | |  2.6
Necromancy     | |  0.2

Action                     || total
---------------------------++-------
  Melee: Hand axe          ||   165
         Punch             ||     3
 Armour: Leather armour    ||    51
  Dodge: Dodged            ||   112

Illustrated notes

Table legend:
 A = Kills in this place as a percentage of kills in the entire game.
 B = Kills by you in this place as a percentage of kills by you in the entire game.
 C = Kills by friends in this place as a percentage of kills by friends in the entire game.
 D = Other kills in this place as a percentage of other kills in the entire game.
 E = Experience gained in this place as a percentage of experience gained in the entire game.
 F = Experience gained in this place divided by the number of levels of this place that you have seen.
                   A       B       C       D       E      F
               +-------+-------+-------+-------+-------+----------------------
         Total | 100.0 | 100.0 |   N/A |   N/A | 100.0 |  29.0
       Dungeon | 100.0 | 100.0 |   N/A |   N/A | 100.0 |  29.0
               +-------+-------+-------+-------+-------+----------------------

Table legend: (Time is in decaauts)
 A = Elapsed time spent in this place.
 B = Non-inter-level travel time spent in this place.
 C = Inter-level travel time spent in this place.
 D = Time resting spent in this place.
 E = Time spent auto-exploring this place.
 F = Levels seen in this place.
 G = Mean time per level.
                   A        B        C        D        E       F      G
               +--------+--------+--------+--------+--------+-----+--------+
         Total |   1861 |   1762 |     99 |    216 |   1170 |   3 |  620.3 |
       Dungeon |   1861 |   1762 |     99 |    216 |   1170 |   3 |  620.3 |
               +--------+--------+--------+--------+--------+-----+--------+

Top non-repeatable levels by time:
     D:2: 976 daAuts
     D:1: 777 daAuts
     D:3: 108 daAuts
